TOP OF THE 1ST |
Maui Tropics batting - Pitching for Philadelphia Athletics : LHP Tom Miller
|
Pitching: LHP Tom Miller
|
|
Batting: LHB Warren Potter
|
0-0: Called Strike 0-1: Ball 1-1: Foul Ball, location: 2F 1-2: Ball 2-2: Strikes out looking
|
Batting: RHB Matt Silver
|
0-0: Ball 1-0: Called Strike 1-1: Ground out 5-3 (Groundball, 5S)
|
Batting: RHB Jesús Espinoza
|
0-0: Called Strike 0-1: Ball 1-1: Foul Ball, location: 2F 1-2: SINGLE (Groundball, 13S) (infield hit)
|
Batting: RHB Luis Alou
|
0-0: Ball 1-0: DOUBLE (Line Drive, 9LM) Jesús Espinoza to third
|
Batting: LHB Luis Antonio Torres
|
0-0: Called Strike 0-1: Called Strike 0-2: SINGLE (Line Drive, 4M) Jesús Espinoza scores Luis Alou to third Runner from 3rd tries for Home, SAFE, no throw
|
Batting: LHB Dave Cook
|
0-0: Ball 1-0: Ground out U3 (Groundball, 3)
|
Top of the 1st over - 2 runs, 3 hits, 0 errors, 1 left on base; Maui 2 - Philadelphia 0 |
BOTTOM OF THE 1ST |
Philadelphia Athletics batting - Pitching for Maui Tropics : RHP Ronald Cotton
|
Pitching: RHP Ronald Cotton
|
|
Batting: RHB César García
|
0-0: Called Strike 0-1: Swinging Strike 0-2: Foul Ball, location: 2F 0-2: Ball 1-2: Foul Ball, location: 2F 1-2: Ground out 6-3 (Groundball, 56D)
|
Batting: LHB Brian Boone
|
0-0: Ground out 6-3 (Groundball, 6)
|
Batting: RHB Miguel Encarnación
|
0-0: Ball 1-0: Ball 2-0: Foul Ball, location: 2F 2-1: Called Strike 2-2: Strikes out swinging
|
Bottom of the 1st over - 0 runs, 0 hits, 0 errors, 0 left on base; Maui 2 - Philadelphia 0 |
TOP OF THE 2ND |
Maui Tropics batting - Pitching for Philadelphia Athletics : LHP Tom Miller
|
Batting: RHB John Brown
|
0-0: Called Strike 0-1: Foul Ball, location: 2F 0-2: Strikes out swinging
|
Batting: RHB Michael Woodruff
|
0-0: Called Strike 0-1: Foul Ball, location: 2F 0-2: Strikes out swinging, 2-3 out at first.
|
Batting: RHB Roberto Gómez
|
0-0: Called Strike 0-1: Foul Ball, location: 2F 0-2: Strikes out swinging
|
Top of the 2nd over - 0 runs, 0 hits, 0 errors, 0 left on base; Maui 2 - Philadelphia 0 |
BOTTOM OF THE 2ND |
Philadelphia Athletics batting - Pitching for Maui Tropics : RHP Ronald Cotton
|
Batting: RHB Tony Morton
|
0-0: Called Strike 0-1: Ball 1-1: Foul Ball, location: 2F 1-2: Fly out, F9 (Flyball, 9S)
|
Batting: LHB Carter Sweet
|
0-0: Swinging Strike 0-1: Swinging Strike 0-2: Foul Ball, location: 2F 0-2: Ball 1-2: Ball 2-2: Strikes out swinging, 2-3 out at first.
|
Batting: RHB Valentín Borges
|
0-0: Ball 1-0: Fly out, F8 (Flyball, 8LM)
|
Bottom of the 2nd over - 0 runs, 0 hits, 0 errors, 0 left on base; Maui 2 - Philadelphia 0 |
TOP OF THE 3RD |
Maui Tropics batting - Pitching for Philadelphia Athletics : LHP Tom Miller
|
Batting: LHB Warren Potter
|
0-0: Ball 1-0: Called Strike 1-1: Ground out U3 (Groundball, 34)
|
Batting: RHB Matt Silver
|
0-0: Ball 1-0: Ground out 6-3 (Groundball, 6)
|
Batting: RHB Jesús Espinoza
|
0-0: Fly out, F7 (Flyball, 7D)
|
Top of the 3rd over - 0 runs, 0 hits, 0 errors, 0 left on base; Maui 2 - Philadelphia 0 |
BOTTOM OF THE 3RD |
Philadelphia Athletics batting - Pitching for Maui Tropics : RHP Ronald Cotton
|
Batting: LHB John Peterson
|
0-0: Foul Ball, location: 2F 0-1: Ball 1-1: Foul Ball, location: 2F 1-2: Fly out, F9 (Flyball, 9D)
|
Batting: SHB Héctor Padilla
|
0-0: Ball 1-0: Foul Ball, location: 2F 1-1: SINGLE (Groundball, 4D)
|
Batting: RHB Dick Slagboom
|
0-0: Ball 1-0: Called Strike 1-1: Swinging Strike 1-2: Ball Héctor Padilla steals 2nd base 2-2: Strikes out swinging
|
Batting: RHB César García
|
0-0: Called Strike 0-1: Foul Ball, location: 2F 0-2: Strikes out looking
|
Bottom of the 3rd over - 0 runs, 1 hit, 0 errors, 1 left on base; Maui 2 - Philadelphia 0 |
TOP OF THE 4TH |
Maui Tropics batting - Pitching for Philadelphia Athletics : LHP Tom Miller
|
Batting: RHB Luis Alou
|
0-0: Called Strike 0-1: Ball 1-1: SOLO HOME RUN (Flyball, 7LD), Distance : 446 ft
|
Batting: LHB Luis Antonio Torres
|
0-0: SINGLE (Line Drive, 8LS)
|
Batting: LHB Dave Cook
|
0-0: Called Strike 0-1: Ball 1-1: Foul Ball, location: 2F 1-2: Ball 2-2: SINGLE (Groundball, 34S) (infield hit) Luis Antonio Torres to second
|
Batting: RHB John Brown
|
0-0: Ball 1-0: Ball 2-0: Ball 3-0: Called Strike 3-1: Foul Ball, location: 2F 3-2: Ground out 3-1 (Groundball, 34S) Luis Antonio Torres to third Dave Cook to second
|
Batting: RHB Michael Woodruff
|
0-0: Ball 1-0: Called Strike 1-1: Swinging Strike 1-2: Ball 2-2: Fly out, F8 (Line Drive, 8RS) Runner from 3rd tags up, SCORES, no throw
|
Batting: RHB Roberto Gómez
|
0-0: Swinging Strike 0-1: Called Strike 0-2: Ball 1-2: Ball 2-2: Ball 3-2: Foul Ball, location: 2F 3-2: Ground out 6-3 (Groundball, 6)
|
Top of the 4th over - 2 runs, 3 hits, 0 errors, 1 left on base; Maui 4 - Philadelphia 0 |
BOTTOM OF THE 4TH |
Philadelphia Athletics batting - Pitching for Maui Tropics : RHP Ronald Cotton
|
Batting: LHB Brian Boone
|
0-0: Called Strike 0-1: Swinging Strike 0-2: Ball 1-2: Ball 2-2: Foul Ball, location: 2F 2-2: Ball 3-2: SINGLE (Line Drive, 8LS)
|
Batting: RHB Miguel Encarnación
|
0-0: Called Strike 0-1: Ball 1-1: Foul Ball, location: 2F 1-2: Strikes out swinging
|
Batting: RHB Tony Morton
|
0-0: Ball 1-0: Called Strike 1-1: Ball 2-1: Ball 3-1: Called Strike 3-2: SINGLE (Line Drive, 4D) Brian Boone to second Brian Boone to third
|
Batting: LHB Carter Sweet
|
0-0: Ball 1-0: Ball 2-0: Grounds into double play, 4-6-3 (Groundball, 4)
|
Bottom of the 4th over - 0 runs, 2 hits, 0 errors, 1 left on base; Maui 4 - Philadelphia 0 |
TOP OF THE 5TH |
Maui Tropics batting - Pitching for Philadelphia Athletics : LHP Tom Miller
|
Batting: LHB Warren Potter
|
0-0: Called Strike 0-1: Ball 1-1: Called Strike 1-2: Ground out U3 (Groundball, 34S)
|
Batting: RHB Matt Silver
|
0-0: Called Strike 0-1: Ball 1-1: Ball 2-1: Swinging Strike 2-2: Strikes out swinging
|
Batting: RHB Jesús Espinoza
|
0-0: Foul Ball, location: 2F 0-1: Ball 1-1: Reached on error, E1 (Groundball, 15S)
|
Batting: RHB Luis Alou
|
0-0: Intentional Walk
|
Batting: LHB Luis Antonio Torres
|
0-0: Called Strike 0-1: Foul Ball, location: 2F 0-2: Foul Ball, location: 2F 0-2: Ball 1-2: Foul Ball, location: 2F 1-2: Fly out, F4 (Line Drive, 4)
|
Top of the 5th over - 0 runs, 0 hits, 1 error, 2 left on base; Maui 4 - Philadelphia 0 |
BOTTOM OF THE 5TH |
Philadelphia Athletics batting - Pitching for Maui Tropics : RHP Ronald Cotton
|
Batting: RHB Valentín Borges
|
0-0: Ball 1-0: Ball 2-0: Fly out, F8 (Flyball, 8LXD)
|
Batting: LHB John Peterson
|
0-0: Foul Ball, location: 2F 0-1: SINGLE (Flyball, 7LS)
|
Batting: SHB Héctor Padilla
|
0-0: Called Strike 0-1: Ball 1-1: Ball 2-1: Foul Ball, location: 2F 2-2: Foul Ball, location: 2F 2-2: Strikes out looking
|
Batting: RHB Dick Slagboom
|
0-0: Ball 1-0: Ball 2-0: Fly out, F7 (Flyball, 7S)
|
Bottom of the 5th over - 0 runs, 1 hit, 0 errors, 1 left on base; Maui 4 - Philadelphia 0 |
TOP OF THE 6TH |
Maui Tropics batting - Pitching for Philadelphia Athletics : LHP Tom Miller
|
Pitching: RHP Ricardo Pérez
|
|
Batting: LHB Dave Cook
|
0-0: Ball 1-0: Foul Ball, location: 2F 1-1: Ball 2-1: Ground out 4-3 (Groundball, 4)
|
Batting: RHB John Brown
|
0-0: Called Strike 0-1: Foul Ball, location: 2F 0-2: Ball 1-2: Foul Ball, location: 2F 1-2: Ball 2-2: Ball 3-2: Ground out 4-3 (Groundball, 4S)
|
Batting: RHB Michael Woodruff
|
0-0: Ball 1-0: Foul Ball, location: 2F 1-1: Foul Ball, location: 2F 1-2: Foul Ball, location: 2F 1-2: Foul Ball, location: 2F 1-2: Foul Ball, location: 2F 1-2: SINGLE (Flyball, 89M)
|
Batting: RHB Roberto Gómez
|
0-0: Foul Ball, location: 2F 0-1: Ball 1-1: Ball 2-1: Called Strike 2-2: Strikes out swinging
|
Top of the 6th over - 0 runs, 1 hit, 0 errors, 1 left on base; Maui 4 - Philadelphia 0 |
BOTTOM OF THE 6TH |
Philadelphia Athletics batting - Pitching for Maui Tropics : RHP Ronald Cotton
|
Batting: RHB César García
|
0-0: Called Strike 0-1: Foul Ball, location: 2F 0-2: Foul Ball, location: 2F 0-2: Ball 1-2: Ball 2-2: Fly out, F8 (Flyball, 89XD)
|
Batting: LHB Brian Boone
|
0-0: Called Strike 0-1: Fly out, F7 (Flyball, 7S)
|
Batting: RHB Miguel Encarnación
|
0-0: Foul Ball, location: 2F 0-1: Ball 1-1: Ball 2-1: Fly out, F3 (Popup, 3S)
|
Bottom of the 6th over - 0 runs, 0 hits, 0 errors, 0 left on base; Maui 4 - Philadelphia 0 |
TOP OF THE 7TH |
Maui Tropics batting - Pitching for Philadelphia Athletics : RHP Ricardo Pérez
|
Batting: LHB Warren Potter
|
0-0: Foul Ball, location: 2F 0-1: SINGLE (Line Drive, 89S)
|
Batting: RHB Matt Silver
|
0-0: Sac Bunt - play at first, batter OUT! 5-3 Warren Potter to second
|
Batting: RHB Jesús Espinoza
|
0-0: Foul Ball, location: 2F 0-1: Ball 1-1: Foul Ball, location: 2F 1-2: Fly out, F8 (Flyball, 8RS)
|
Batting: RHB Luis Alou
|
0-0: Called Strike 0-1: Called Strike 0-2: Ball 1-2: Foul Ball, location: 2F 1-2: Strikes out swinging
|
Top of the 7th over - 0 runs, 1 hit, 0 errors, 1 left on base; Maui 4 - Philadelphia 0 |
BOTTOM OF THE 7TH |
Philadelphia Athletics batting - Pitching for Maui Tropics : RHP Ronald Cotton
|
Batting: RHB Tony Morton
|
0-0: Ball 1-0: Foul Ball, location: 2F 1-1: Foul Ball, location: 2F 1-2: Foul Ball, location: 2F 1-2: Ball 2-2: Ground out U3 (Groundball, 3)
|
Batting: LHB Carter Sweet
|
0-0: Ball 1-0: Foul Ball, location: 2F 1-1: Called Strike 1-2: Foul Ball, location: 2F 1-2: Foul Ball, location: 2F 1-2: Strikes out swinging
|
Batting: RHB Valentín Borges
|
0-0: Ball 1-0: Ground out U3 (Groundball, 34)
|
Bottom of the 7th over - 0 runs, 0 hits, 0 errors, 0 left on base; Maui 4 - Philadelphia 0 |
TOP OF THE 8TH |
Maui Tropics batting - Pitching for Philadelphia Athletics : RHP Ricardo Pérez
|
Batting: LHB Luis Antonio Torres
|
0-0: Called Strike 0-1: SINGLE (Groundball, 3D)
|
Batting: LHB Dave Cook
|
0-0: Called Strike 0-1: Swinging Strike 0-2: Foul Ball, location: 2F 0-2: Strikes out swinging
|
Batting: RHB John Brown
|
0-0: Called Strike 0-1: Called Strike 0-2: Reached on error, E5 (Groundball, 56) Luis Antonio Torres to second
|
Batting: RHB Michael Woodruff
|
0-0: Foul Ball, location: 2F 0-1: SINGLE (Flyball, 89S) Luis Antonio Torres to third John Brown to second Runner from 3rd tries for Home, SAFE, no throw
|
Batting: RHB Roberto Gómez
|
0-0: Fly out, F3 (Popup, 3SF)
|
Batting: LHB Warren Potter
|
0-0: Foul Ball, location: 2F 0-1: Ball 1-1: Ground out 6-3 (Groundball, 56)
|
Top of the 8th over - 1 run, 2 hits, 1 error, 2 left on base; Maui 5 - Philadelphia 0 |
BOTTOM OF THE 8TH |
Philadelphia Athletics batting - Pitching for Maui Tropics : RHP Ronald Cotton
|
Batting: LHB John Peterson
|
0-0: Called Strike 0-1: Ball 1-1: Ball 2-1: Ball 3-1: SINGLE (Line Drive, 6MD)
|
Batting: SHB Héctor Padilla
|
0-0: Fly out, F8 (Flyball, 8RS)
|
Batting: RHB Dick Slagboom
|
0-0: Called Strike 0-1: Ball 1-1: Ball 2-1: Foul Ball, location: 2F 2-2: Foul Ball, location: 2F 2-2: Foul Ball, location: 2F 2-2: Grounds into double play, 4-6-3 (Groundball, 4D)
|
Bottom of the 8th over - 0 runs, 1 hit, 0 errors, 0 left on base; Maui 5 - Philadelphia 0 |
TOP OF THE 9TH |
Maui Tropics batting - Pitching for Philadelphia Athletics : RHP Ricardo Pérez
|
Pitching: RHP António López
|
|
Batting: RHB Matt Silver
|
0-0: Ball 1-0: Ball 2-0: Ground out 3-1 (Groundball, 2R)
|
Batting: RHB Jesús Espinoza
|
0-0: Foul Ball, location: 2F 0-1: Ball 1-1: Ball 2-1: Ground out U3 (Groundball, 34)
|
Batting: RHB Luis Alou
|
0-0: Ball 1-0: DOUBLE (Line Drive, 7LM)
|
Batting: LHB Luis Antonio Torres
|
0-0: Foul Ball, location: 2F 0-1: Called Strike 0-2: Strikes out swinging
|
Top of the 9th over - 0 runs, 1 hit, 0 errors, 1 left on base; Maui 5 - Philadelphia 0 |
BOTTOM OF THE 9TH |
Philadelphia Athletics batting - Pitching for Maui Tropics : RHP Ronald Cotton
|
Now in LF: Ernesto López
|
|
Batting: RHB César García
|
0-0: Called Strike 0-1: Swinging Strike 0-2: Ball 1-2: SINGLE (Line Drive, 56)
|
Batting: LHB Brian Boone
|
0-0: Called Strike 0-1: Foul Ball, location: 2F 0-2: Fly out, F7 (Flyball, 78D)
|
Batting: RHB Miguel Encarnación
|
0-0: Called Strike 0-1: Ground out 5-3 (Groundball, 5S) César García to second
|
Batting: RHB Tony Morton
|
0-0: Ball Wild Pitch! César García to third 1-0: Ball 2-0: Swinging Strike 2-1: Fly out, F7 (Line Drive, 7)
|
Bottom of the 9th over - 0 runs, 1 hit, 0 errors, 1 left on base; Maui 5 - Philadelphia 0 |
|